 Dungeon Crawl Stone Soup version 0.22-a0-126-g307c7c3 (webtiles) character file.

116 KristoblXynda the Slasher (level 5, -4/45 HPs)
             Began as a Naga Gladiator on Jan 30, 2018.
             Slain by Sigmund
             ... wielding a +4 scythe of freezing
              (15 damage)
             ... on level 3 of the Dungeon.
             The game lasted 00:02:57 (2192 turns).

KristoblXynda the Slasher (Naga Gladiator)          Turns: 2192, Time: 00:02:57

Health: -4/45      AC:  6    Str: 16    XL:     5   Next: 0%
Magic:  5/5        EV: 10    Int:  9    God:
Gold:   76         SH:  0    Dex: 13    Spells: 4/4 levels left

rFire    . . .     SeeInvis +   a - +0 long sword
rCold    . . .     Gourm    .   (no shield)
rNeg     . . .     Faith    .   s - +1 leather armour {rPois}
rPois    +         Spirit   .   c - +0 helmet
rElec    .         Reflect  .   (no cloak)
rCorr    .         Harm     .   i - +0 pair of gloves
MR       .....                  (no barding)
Stlth    +.........             (no amulet)
HPRegen  0.15/turn              (no ring)
MPRegen  0.09/turn              (no ring)

@: very slow
A: large, see invisible, deformed body, poison resistance, slowness 2, slow
metabolism 1, spit poison 1, AC +1
a: Spit Poison


You were on level 3 of the Dungeon.
You were not hungry.

You visited 1 branch of the dungeon, and saw 3 of its levels.

You collected 76 gold pieces.

Inventory:

Hand Weapons
 a - a +0 long sword (weapon)
Missiles
 d - 3 throwing nets (quivered)
Armour
 c - a +0 helmet (worn)
 i - a +0 pair of gloves (worn)
 s - a +1 leather armour of poison resistance (worn)
Wands
 q - a wand of random effects (31)
Scrolls
 e - 2 scrolls of immolation {unknown}
 m - a scroll of enchant weapon {unknown}
 n - 2 scrolls of identify {unknown}
 o - a scroll of teleportation {unknown}
 p - a scroll of enchant armour {unknown}
Potions
 b - a potion of agility {unknown}
 g - 2 potions of flight {unknown}
 h - 2 potions of mutation {unknown}
 k - a potion of lignification {unknown}
 l - a potion of curing
Comestibles
 f - 7 rations
 r - a chunk of flesh


   Skills:
 - Level 2.0 Fighting
 * Level 4.6 Long Blades
 - Level 2.0 Throwing
 + Level 0.9 Armour
 + Level 3.1 Dodging


You had 4 spell levels left.
You didn't know any spells.

Dungeon Overview and Level Annotations

Branches:
Dungeon (3/15)

Altars:

Annotations:
D:3 Sigmund


Innate Abilities, Weirdness & Mutations

You cannot wear boots.
Your serpentine skin is tough. (AC +1)
You have supernaturally acute eyesight. (SInv)
Armour fits poorly on your strangely shaped body.
Your system is resistant to poisons. (rPois)
You cover ground very slowly.
You have a slow metabolism.
You can spit poison.


Message History

The splash of poison hits Sigmund.
Sigmund is poisoned.
Sigmund is severely wounded.
You feel slightly more hungry.
You hit Sigmund.
Sigmund is severely wounded.
Sigmund barely misses you.
You closely miss Sigmund.
Sigmund is severely wounded.
Sigmund gestures at you while chanting. The magic dart hits you!
You closely miss Sigmund.
Sigmund is almost dead.
Sigmund gestures at you while chanting. The puff of flame hits you!
* * * LOW HITPOINT WARNING * * *
You closely miss Sigmund.
Sigmund is almost dead.
You have got your breath back.
Sigmund hits you with a scythe of freezing!
You die...

##.## #.# #...# #.# .
#...# #.### #. #...#
##..[### #.?###...#####
#.......
#............##
#.##.##.
..............#
#.##....
#.....@......###.#...#.
#####.@.####...........
#...# #####.......
#(..# #.#.##.# .....#
#.#..... ###..##
#.####.. #..# #.####..
...# #....>.. #.##
######.. #.#


You could see Sigmund (invisible).

Vanquished Creatures
  Jessica (D:3)
  Ijyb (D:3)
  2 adders (D:2)
  A worm (D:2)
  A leopard gecko (D:1)
  6 bats
  3 giant cockroaches
  7 goblins
  8 hobgoblins
  2 kobolds (D:1)
  2 frilled lizards (D:1)
  8 rats
42 creatures vanquished.

Notes
Turn   | Place    | Note
-------+----------+-------------------------------------------
     0 | D:1      | KristoblXynda the Naga Gladiator began the quest for the Orb.
     0 | D:1      | Reached XP level 1. HP: 19/19 MP: 1/1
   123 | D:1      | Reached XP level 2. HP: 10/26 MP: 2/2
   709 | D:1      | Reached XP level 3. HP: 24/32 MP: 3/3
  1232 | D:2      | Reached skill level 4 in Long Blades
  1366 | D:2      | Reached XP level 4. HP: 31/39 MP: 4/4
  1778 | D:3      | Noticed Jessica
  1788 | D:3      | Killed Jessica
  1979 | D:3      | Noticed Ijyb
  2012 | D:3      | Killed Ijyb
  2012 | D:3      | Reached XP level 5. HP: 27/45 MP: 5/5
  2173 | D:3      | Noticed Sigmund
  2192 | D:3      | Slain by Sigmund

Vault maps used:
D:1:      shiori_arrival_maze, bh_walls_and_bars
D:2:      first_ration
D:3:      uniq_jessica, uniq_natasha, uniq_sigmund, uniq_ijyb,
          uniq_crazy_yiuf_cottage

Skill      XL: |  1  2  3  4 |
---------------+-------------+-----
Throwing       | 2 |  2.0
Long Blades    | 4 |  4.6
Dodging        | 3 |  3.1
Fighting       | |  2.0
Armour         | |  0.9

Action                   |  1- 3 |  4- 6 || total
-------------------------+-------+-------++-------
Melee: Long sword        |    85 |    54 ||   139
 Abil: Spit Poison       |     7 |     5 ||    12
Evoke: Wand              |       |     1 ||     1
 Stab: Confused          |       |     1 ||     1
  Eat: Chunk             |     1 |     3 ||     4
Armor: Leather armour    |    18 |     1 ||    19
       Ring mail         |    23 |    23 ||    46
Dodge: Dodged            |    45 |    19 ||    64
       Rpst.: Long sword |    16 |     7 ||    23

Table legend:
 A = Spawn XP
 B = Non-spawn XP
 C = Spawn XP percentage of total XP
 D = Spawn monster count
 E = Non-spawn monster count
 F = Spawn count percentage of total count
 G = Total turns spent on level
                    A         B        C        D         E        F      G
               +---------+---------+-------+---------+---------+-------+---------
         Total |       0 |     166 |   0.0 |       0 |      42 |   0.0 |  2192
               +---------+---------+-------+---------+---------+-------+---------
           D:1 |       0 |      37 |   0.0 |       0 |      23 |   0.0 |  1052
           D:2 |       0 |      53 |   0.0 |       0 |      15 |   0.0 |   713
           D:3 |       0 |      76 |   0.0 |       0 |       4 |   0.0 |   427
               +---------+---------+-------+---------+---------+-------+---------
